 Dungeon Crawl Stone Soup version 0.31-a0-355-g57cb03d3e8 (webtiles) character file.

Game seed: 2210397239848050162

97 hashsling the Slasher (level 5, 0/41 HPs)
             Began as a Human Gladiator on July 25, 2023.
             Killed by divine providence
             ... invoked by an orc priest
              (13 damage)
             ... on level 3 of the Dungeon.
             The game lasted 00:09:37 (1860 turns).

hashsling the Slasher (Human Gladiator)             Turns: 1860, Time: 00:09:38

Health: 0/41       AC: 10    Str: 17    XL:     5   Next: 0%
Magic:  5/5        EV: 10    Int:  8    God:
Gold:   121        SH:  0    Dex: 14    Spells: 4/4 levels left

rFire   . . .        a - +0 long sword
rCold   . . .        (no shield)
rNeg    . . .        p - +0 scale mail
rPois   .            x - +2 helmet {SInv}
rElec   .            (no cloak)
rCorr   .            (no gloves)
SInv    +            w - +0 pair of boots
Will    +....        f - amulet of the acrobat Stlth
                     o - +4 ring of slaying
HPRegen 0.26/turn    l - ring of willpower
MPRegen 0.09/turn

%: acrobat
@: no status effects
A: no striking features
a: no special abilities


You were on level 3 of the Dungeon.
You visited 1 branch of the dungeon, and saw 3 of its levels.

You collected 121 gold pieces.

Inventory:

Hand Weapons
 a - a +0 long sword (weapon)
 s - a +0 falchion
Missiles
 d - 2 throwing nets (quivered)
Armour
 p - a +0 scale mail (worn)
 w - a +0 pair of boots (worn)
 x - a +2 helmet of see invisible (worn)
Jewellery
 f - an amulet of the acrobat (around neck)
 l - a ring of willpower (right hand)
 o - a +4 ring of slaying (left hand)
Scrolls
 g - a scroll of identify {unknown}
 i - a scroll of enchant weapon {unknown}
 k - 2 scrolls of noise {unknown}
 m - a scroll of teleportation {unknown}
 n - 3 scrolls of brand weapon {unknown}
 q - a scroll of enchant armour {unknown}
 t - a scroll of fear {unknown}
Potions
 h - a potion of berserk rage {unknown}
 r - 2 potions of curing {unknown}
 u - a potion of lignification {unknown}
 v - a potion of might {unknown}


   Skills:
 * Level 3.5 Fighting
 + Level 3.6 Long Blades
 - Level 2.0 Throwing
 + Level 2.0 Armour
 - Level 3.0 Dodging


You had 4 spell levels left.
You didn't know any spells.
Your spell library contained the following spells:

 Spells                   Type           Power      Damage    Failure   Level
 Sting                    Tmut/Pois      0%         1d3       83%         1
 Poisonous Vapours        Pois/Air       0%         N/A       92%         2
 Olgreb's Toxic Radiance  Pois           0%         N/A       100%        4


Dungeon Overview and Level Annotations

Branches:
Dungeon (3/15)

Altars:
Xom

Shops:
D:2 (   D:3 (

Annotations:
D:2 Sigmund


Message History

Press: ? - help, Q - select action Shift-Dir - straight line, f/p - phantom
Aim: a phantom (53% to hit, immune to nets)
You throw a throwing net.
The throwing net closely misses the orc priest.
The throwing net hits the phantom.
The net passes right through the phantom!
You slash the orc priest!
The orc priest is severely wounded.
The orc priest closely misses you.
You closely miss the orc priest.
The orc priest is severely wounded.
The orc priest hits you with a +0 morningstar.
You completely miss the orc priest.
The orc priest is severely wounded.
The orc priest hits you with a +0 morningstar.
You completely miss the phantom. You barely miss the phantom.
The phantom hits you.
* * * LOW HITPOINT WARNING * * *
The phantom blinks!
You blink.
Unknown command.
Throw: 3 throwing nets
Press: ? - help, Q - select action Shift-Dir - straight line, f - orc priest, p - phantom
Aim: an orc priest, wielding a +0 morningstar (translocational energy, severely wounded, 63% to hit)
You throw a throwing net.
The throwing net barely misses the phantom.
The throwing net hits the orc priest.
The orc priest is caught in the net!
The orc priest is severely wounded.
The phantom hits you but does no damage.
The orc priest struggles against the net.
You barely miss the phantom.
The orc priest struggles against the net.
The phantom hits you but does no damage.
You barely miss the phantom.
The orc priest struggles against the net.
The phantom barely misses you.
You slash the phantom!
The phantom is moderately damaged.
The orc priest invokes the aid of Beogh against you.
Beogh smites you!
You die...

.# .# . .# # ##.#
# #(.# # #g# # #o#
#.# # #W# #. #@#
.#.##.# # .##(...#
####### #.##.#..#
......#
#..##.#..##
#####.##..#
#.#...###
#####....#
#.##....#
........##
##.##.##.#
<#####.#####..##.#
.#


You could see a phantom, an orc priest (caught) and a hobgoblin.

Vanquished Creatures
  Robin (D:3)
  2 adders
  2 worms
  A dart slug (D:2)
  2 orcs (D:3)
  6 bats
  2 endoplasms (D:2)
  10 hobgoblins
  3 quokkas
  6 ball pythons
  4 frilled lizards
  9 goblins (D:3)
  5 kobolds
  3 rats
56 creatures vanquished.

Notes
Turn   | Place    | Note
-------+----------+-------------------------------------------
     0 | D:1      | hashsling the Human Gladiator began the quest for the Orb.
     0 | D:1      | Reached XP level 1. HP: 16/16 MP: 1/1
    95 | D:1      | Reached XP level 2. HP: 17/23 MP: 2/2
   223 | D:1      | Found a faded altar of an unknown god.
   727 | D:2      | Found Hupipim's Weapon Shop.
   748 | D:2      | Reached XP level 3. HP: 25/28 MP: 3/3
   773 | D:2      | Reached skill level 1 in Armour
   928 | D:2      | Noticed Sigmund
  1282 | D:2      | Reached XP level 4. HP: 35/35 MP: 4/4
  1326 | D:2      | Found a shimmering altar of Xom.
  1698 | D:3      | Noticed Robin
  1723 | D:3      | Killed Robin
  1806 | D:3      | Found Bicigg's Antique Weapon Boutique.
  1844 | D:3      | Noticed a phantom
  1851 | D:3      | Reached XP level 5. HP: 19/41 MP: 5/5
  1860 | D:3      | Killed from afar by an orc priest

Illustrated notes

Levels and vault maps discovered:
D:1:      psy_arrival_radial02, layout_rooms, shapermc_ecumenical_altar_gd
D:2:      cheibrodos_old_hovel, layout_loops_ring, basic_altar, serial_shops,
          nicolae_shop_bloodbath_and_beyond, uniq_sigmund
D:3:      layout_rooms, serial_shops, nicolae_shop_stone, uniq_robin, uniq_ijyb

Skill      XL: |  1  2  3  4 |
---------------+-------------+-----
Armour         | 1 2 |  2.0
Fighting       | 3 |  3.5
Long Blades    | |  3.6
Throwing       | |  2.0
Dodging        | |  3.0

Action                     |  1- 3 |  4- 6 || total
---------------------------+-------+-------++-------
  Melee: Long sword        |    89 |    69 ||   158
  Throw: Throwing net      |     4 |     2 ||     6
         Javelin           |       |     1 ||     1
   Stab: Sleeping          |     1 |       ||     1
 Armour: Leather armour    |     5 |       ||     5
         Ring mail         |    24 |       ||    24
         Scale mail        |    12 |    32 ||    44
  Dodge: Dodged            |    71 |    42 ||   113

Table legend: (Time is in decaauts)
 A = Elapsed time spent in this place.
 B = Non-inter-level travel time spent in this place.
 C = Inter-level travel time spent in this place.
 D = Time resting spent in this place.
 E = Time spent auto-exploring this place.
 F = Levels seen in this place.
 G = Mean time per level.
                   A        B        C        D        E       F      G
               +--------+--------+--------+--------+--------+-----+--------+
         Total |   1896 |   1863 |     33 |      0 |   1275 |   3 |  632.0 |
       Dungeon |   1896 |   1863 |     33 |      0 |   1275 |   3 |  632.0 |
               +--------+--------+--------+--------+--------+-----+--------+

Top non-repeatable levels by time:
     D:2: 876 daAuts
     D:1: 783 daAuts
     D:3: 236 daAuts
